 Dungeon Crawl Stone Soup version 0.25.1-8-g42b30a86e7 (webtiles) character file.

Game seed: 9296130600257607029

155 Qrupt the Skirmisher (level 5, -3/42 HPs)
             Began as a Demonspawn Abyssal Knight on Dec 14, 2020.
             Was a Priest of Lugonu.
             Slain by an orc priest
             ... wielding a cursed -3 whip
              (5 damage)
             ... on level 2 of the Dungeon.
             The game lasted 00:04:10 (3590 turns).

Qrupt the Skirmisher (Demonspawn Abyssal Knight)    Turns: 3590, Time: 00:04:11

Health: -3/42      AC:  3    Str: 13    XL:     5   Next: 14%
Magic:  6/6        EV: 12    Int: 14    God:    Lugonu [***...]
Gold:   107        SH:  0    Dex: 12    Spells: 4/4 levels left

rFire    . . .     SeeInvis .   a - +1 falchion
rCold    . . .     Gourm    .   (no shield)
rNeg     . . .     Faith    .   b - +0 leather armour
rPois    .         Spirit   .   (no helmet)
rElec    .         Reflect  .   (no cloak)
rCorr    +         Harm     .   (no gloves)
MR       .....                  (no boots)
Stlth    +.........             (no amulet)
HPRegen  0.14/turn              h - ring of resist corrosion
MPRegen  0.10/turn              (no ring)

@: no status effects
A: claws 1, foul stench 1, rot immunity
a: Depart the Abyss, Bend Space, Banish, Renounce Religion


You were on level 2 of the Dungeon.
You worshipped Lugonu.
Lugonu was most pleased with you.
You were hungry.

You visited 1 branch of the dungeon, and saw 3 of its levels.
You visited the Abyss 1 time.

You collected 107 gold pieces.

Inventory:

Hand Weapons
 a - a +1 falchion (weapon)
Missiles
 o - 5 poisoned darts (quivered)
Armour
 b - a +0 leather armour (worn)
Jewellery
 h - a ring of resist corrosion (left claw)
 q - an uncursed ring of flight {unknown}
Scrolls
 d - 4 scrolls of remove curse {unknown}
 f - a scroll of amnesia {unknown}
 g - a scroll of noise {unknown}
 i - 3 scrolls of teleportation {unknown}
 j - a scroll of random uselessness {unknown}
 l - a scroll of fear {unknown}
 m - 2 scrolls of identify {unknown}
 p - a scroll of magic mapping {unknown}
Potions
 k - a potion of heal wounds {unknown}
Comestibles
 c - 6 rations


   Skills:
 + Level 4.1 Fighting
 + Level 3.1 Long Blades
 - Level 1.7 Armour
 + Level 2.6 Dodging
 - Level 2.4 Invocations


You had 4 spell levels left.
You didn't know any spells.
Your spell library contained the following spells:

 Spells                   Type           Power        Failure   Level  Hunger
 Magic Dart               Conj           #...         36%         1    ##.....
 Summon Small Mammal      Summ           #...         36%         1    ##.....
 Call Imp                 Summ           #.......     50%         2    ###....
 Searing Ray              Conj           #.....       50%         2    ###....
 Call Canine Familiar     Summ           #.......     73%         3    ####...
 Dazzling Flash           Conj/Hex       #.....       73%         3    ####...
 Summon Guardian Golem    Hex/Summ       #.......     73%         3    ####...
 Fulminant Prism          Conj/Hex       #.........   98%         4    #####..
 Iskenderun's Mystic Bla  Conj/Tloc      #.......     98%         4    #####..
 Summon Ice Beast         Ice/Summ       #.......     98%         4    #####..
 Summon Lightning Spire   Summ/Air       #.......     98%         4    #####..


Dungeon Overview and Level Annotations

Branches:
Dungeon (3/15)

Altars:
Okawaru
Trog
Wu Jian
The Shining One


Innate Abilities, Weirdness & Mutations

You have sharp fingernails.
You may emit foul miasma when damaged in melee.
You are immune to rotting.


Message History

The orc priest barely misses you.
You hit the orc priest.
The orc priest is moderately wounded.
The orc priest closely misses you.
You closely miss the orc priest.
The orc priest is moderately wounded.
The orc priest closely misses you.
You hit the orc priest.
The orc priest is heavily wounded.
The orc priest mumbles some strange prayers to Beogh against you.
Pain shoots through your body!
You closely miss the orc priest.
The orc priest is heavily wounded.
The orc priest calls down the wrath of Beogh upon you.
Beogh smites you!
* * * LOW HITPOINT WARNING * * *
The orc priest closely misses you.
It was a potion of magic.
Magic courses through your body.
The orc priest hits you with a cursed -3 whip.
You die...

......##.####.##.#
......##.####.##.#
......##......##.##
...#############..#
.[.# ##.# ...# #.#
##.####### #.#
##.#.....########.#
##.#.....##.....@.#
##.#.....##.#####o##
...#.....##.####...#
####.....##.##...#.#
###.####.##.#...# #.#
#.##.##.## ###
#)####.......#
##.###.........####
........#...#########


You could see an orc priest.

Vanquished Creatures
  4 adders
  2 oozes (D:2)
  2 worms (D:2)
  5 dart slugs
  2 leopard geckos (D:1)
  3 orcs (D:3)
  5 giant cockroaches
  5 hobgoblins
  22 kobolds
  A quokka (D:2)
  11 bats
  8 frilled lizards
  16 goblins
  5 rats
91 creatures vanquished.

Notes
Turn   | Place    | Note
-------+----------+-------------------------------------------
     0 | Abyss:1  | Qrupt the Demonspawn Abyssal Knight began the quest for the
                  | Orb.
     0 | Abyss:1  | Reached XP level 1. HP: 18/18 MP: 2/2
    16 | D:1      | Escaped the Abyss
    64 | D:1      | Reached skill level 1 in Dodging
   212 | D:1      | Gained mutation: You are immune to rotting. [demonic
                  | ancestry]
   212 | D:1      | Reached XP level 2. HP: 23/24 MP: 3/3
   495 | D:1      | Reached ** piety under Lugonu
   495 | D:1      | Gained mutation: You may emit foul miasma when damaged in
                  | melee. [demonic ancestry]
   495 | D:1      | Reached XP level 3. HP: 26/29 MP: 4/4
   636 | D:1      | Found an iron altar of Okawaru.
   954 | D:2      | Found a bloodstained altar of Trog.
  1344 | D:2      | Reached XP level 4. HP: 26/37 MP: 5/5
  2415 | D:3      | Reached *** piety under Lugonu
  2732 | D:3      | Reached skill level 4 in Fighting
  2879 | D:3      | Found an ornate altar of the Wu Jian Council.
  2970 | D:3      | Gained mutation: You have sharp fingernails. [demonic
                  | ancestry]
  2970 | D:3      | Reached XP level 5. HP: 42/42 MP: 6/6
  3126 | D:3      | Found a glowing golden altar of the Shining One.
  3589 | D:2      | HP: 1/42 [orc priest/divine providence (13)]
  3590 | D:2      | Slain by an orc priest

Illustrated notes

Levels and vault maps discovered:
D:1:      sevenhm_arrival_forest_fort_small_4, layout_basic,
          minmay_fountain_box, okawaru_ov_weapons_minmay
D:2:      layout_loops_cross, old_standard_altar
D:3:      minmay_goblin_kobold_castle, layout_basic, lemuel_crystal_altar,
          tso_altar, first_ration

Skill      XL: |  1  2  3  4 |
---------------+-------------+-----
Dodging        | 1 2 |  2.6
Long Blades    | 2 3 |  3.1
Fighting       | 4 |  4.1
Armour         | |  1.7
Invocations    | |  2.4

Action                   |  1- 3 |  4- 6 || total
-------------------------+-------+-------++-------
Melee: Falchion          |    91 |   151 ||   242
  Use: Potion            |       |     1 ||     1
  Eat: Chunk             |     1 |     7 ||     8
Armor: Leather armour    |    32 |    40 ||    72
Dodge: Dodged            |    61 |   116 ||   177
       Rpst.: Falchion   |    28 |    31 ||    59
